 Dungeon Crawl Stone Soup version 0.26-a0-651-gb41185065b (webtiles) character file.

Game seed: 7972732558995950061

131 Ozzies the Skirmisher (level 5, -2/35 HPs)
             Began as a Gargoyle Fighter on Oct 14, 2020.
             Slain by a river rat (4 damage)
             ... in a sewer.
             The game lasted 00:02:43 (1641 turns).

Ozzies the Skirmisher (Gargoyle Fighter)            Turns: 1641, Time: 00:02:43

Health: -2/35      AC: 10    Str: 21    XL:     5   Next: 14%
Magic:  5/5        EV:  7    Int:  8    God:
Gold:   10         SH:  9    Dex:  9    Spells: 4/4 levels left

rFire    . . .     SeeInvis .   a - +0 flail
rCold    . . .     Faith    .   c - +0 kite shield
rNeg     + . .     Spirit   .   b - +0 scale mail
rPois    ∞         Reflect  .   (no helmet)
rElec    +         Harm     .   (no cloak)
rCorr    .         Rampage  .   (no gloves)
MR       .....                  (no boots)
Stlth    ..........             (no amulet)
HPRegen  0.11/turn              (no ring)
MPRegen  0.09/turn              (no ring)

@: hasted, very quick
A: negative energy resistance 1, electricity resistance, unbreathing,
petrification resistance, rot immunity, AC +4
a: no special abilities


You were in a sewer.
You visited 1 branch of the dungeon, and saw 3 of its levels.
You also visited: Sewer.

You collected 10 gold pieces.

Inventory:

Hand Weapons
 a - a +0 flail (weapon)
Missiles
 g - 62 stones (quivered)
 h - 44 sling bullets
Armour
 b - a +0 scale mail (worn)
 c - a +0 kite shield (worn)
Scrolls
 m - a scroll of identify {@r1}
Potions
 d - a potion of might {@q3 !q}
 e - a potion of invisibility
 f - a potion of heal wounds {unknown}
 i - a potion of curing {unknown}
 j - a potion of flight {unknown}
 k - a potion of brilliance {unknown}
 l - a potion of haste {@q4 !q}


   Skills:
 * Level 5.4 Fighting
 + Level 3.3 Maces & Flails
 - Level 3.2 Armour
 - Level 3.2 Shields


You had 4 spell levels left.
You didn't know any spells.
Your spell library was empty.

Dungeon Overview and Level Annotations

Branches:
Dungeon (3/15)              Sewer (1/1)

Altars:


Innate Abilities, Weirdness & Mutations

You are resistant to torment.
Your stone body is resilient. (AC +4)
You are immune to poison.
You resist negative energy. (rN+)
You are resistant to electric shocks. (rElec)
You can survive without breathing.
You are immune to petrification.
You are immune to rotting.


Message History

Moving in this stuff is going to be slow. 2 rats and a river rat come into view.
There are monsters nearby! 2 rats and 3 river rats come into view. 3 rats and a river rat come into view.
You barely miss the river rat.
The river rat bites you but does no damage.
The rat bites you but does no damage. x2; The river rat barely misses you.
You hit the river rat.
The river rat is heavily wounded.
The river rat twitches its whiskers.
The rat closely misses you. You block the rat's attack.
You closely miss the river rat.
The river rat is heavily wounded.
You block the river rat's attack. The rat barely misses you.
The rat bites you but does no damage.
The river rat bites you but does no damage.
The river rat bites you.
You hit the river rat but do no damage.
The river rat is heavily wounded.
The river rat bites you. The rat closely misses you.
You block the rat's attack. You block the river rat's attack.
The river rat bites you but does no damage.
The river rat bites you. You block the rat's attack.
You closely miss the river rat.
The river rat is heavily wounded.
The river rat bites you but does no damage.
The river rat barely misses you. x2; The rat bites you but does no damage.
The river rat bites you but does no damage.
You sock the river rat!
You kill the river rat!
The river rat bites you. You block the river rat's attack.
The river rat bites you but does no damage.
The rat bites you. The river rat completely misses you.
You sock the river rat!
The river rat is severely wounded.
You block the rat's attack. You block the river rat's attack.
The river rat bites you.
The rat splashes around in the water.
The river rat bites you. The rat barely misses you.
The river rat bites you but does no damage.
The rat bites you but does no damage. The river rat bites you.
* * * LOW HITPOINT WARNING * * *
You are too injured to fight recklessly!
You are too injured to fight recklessly!
You are too injured to fight recklessly!
You are too injured to fight recklessly!
You are too injured to fight recklessly!
You are too injured to fight recklessly!
You are too injured to fight recklessly!
You are too injured to fight recklessly!
You are too injured to fight recklessly!
You are too injured to fight recklessly!
You are too injured to fight recklessly!
You are too injured to fight recklessly!
You are too injured to fight recklessly!
You are too injured to fight recklessly!
You are too injured to fight recklessly!
You are too injured to fight recklessly!
You are too injured to fight recklessly!
You are too injured to fight recklessly!
You are too injured to fight recklessly!
You are too injured to fight recklessly!
You barely miss the rat.
The rat splashes around in the water.
The river rat bites you but does no damage.
The rat bites you.
* * * LOW HITPOINT WARNING * * *
You block the rat's attack. The rat bites you but does no damage.
You block the river rat's attack. The river rat bites you.
* * * LOW HITPOINT WARNING * * *
The rat splashes around in the water.
The river rat bites you but does no damage.
You block the rat's attack.
You hit the rat.
The rat is moderately wounded.
The river rat bites you but does no damage.
The rat bites you.
* * * LOW HITPOINT WARNING * * *
The river rat bites you.
* * * LOW HITPOINT WARNING * * *
You block the river rat's attack. The rat barely misses you.
You block the rat's attack.
The river rat bites you but does no damage.
You block the rat's attack. The river rat closely misses you.
You closely miss the rat.
The rat is moderately wounded.
You block the rat's attack.
The river rat bites you but does no damage.
You block the rat's attack. x2
The rat twitches its whiskers.
The river rat bites you.
* * * LOW HITPOINT WARNING * * *
The rat splashes around in the water.
The river rat bites you but does no damage.
You block the rat's attack. You block the river rat's attack.
It was a potion of haste.
You feel yourself speed up. The rat bites you but does no damage.
The river rat barely misses you. The rat bites you.
* * * LOW HITPOINT WARNING * * *
The river rat bites you.
You die...

....≈≈≈≈≈≈..###∩# #.
...≈≈≈≈≈≈..###.# #..
#..≈≈≈≈≈≈...#..#
#..###..≈≈≈≈≈......##
#...#...≈≈≈≈≈≈.....#
#.......≈≈≈......##
#.....r.≈≈≈≈.....##
#...rrr≈≈........##
#..rr@r≈≈≈........##
#...rrr≈≈†......#..#
#....r≈≈≈......###.#
#......≈≈≈≈†....###∩#
#...##...≈≈≈......####
#... ##.≈≈≈≈≈..÷.÷##
##. #.≈≈≈≈≈≈.....# #
#..≈≈≈≈≈......##
....≈≈≈≈≈≈......#


You could see 4 river rats and 7 rats.

Vanquished Creatures
  5 adders (D:3)
  3 river rats
  An ooze (Sewer)
  A worm (D:3)
  A dart slug (D:1)
  A leopard gecko (D:1)
  6 bats
  2 giant cockroaches (D:1)
  6 goblins
  6 hobgoblins
  4 ball pythons
  2 frilled lizards
  8 kobolds
  9 rats
55 creatures vanquished.

Notes
Turn   | Place    | Note
-------+----------+-------------------------------------------
     0 | D:1      | Ozzies the Gargoyle Fighter began the quest for the Orb.
     0 | D:1      | Reached XP level 1. HP: 14/14 MP: 1/1
   179 | D:1      | Reached XP level 2. HP: 15/20 MP: 2/2
   422 | D:1      | Reached skill level 4 in Fighting
   723 | D:1      | Reached XP level 3. HP: 24/24 MP: 3/3
   785 | D:1      | You fall into a shaft and drop 1 floor!
  1005 | D:3      | Reached XP level 4. HP: 11/30 MP: 4/4
  1212 | D:3      | Reached skill level 5 in Fighting
  1271 | D:3      | Found a glowing drain.
  1279 | Sewer    | Entered a sewer
  1500 | Sewer    | Reached XP level 5. HP: 22/35 MP: 5/5
  1641 | Sewer    | Slain by a river rat

Illustrated notes

Levels and vault maps discovered:
D:1:      minmay_arrival_jagged, layout_loops_cross, minmay_misc_feat_enclosed,
          serial_park_tiny_pond, minmay_misc_feat_ornament
D:2:      layout_rooms, chequers_ecumenical_altar_grove
D:3:      layout_basic, lightli_sewer_entry_pipes
Sewer:    sewer_minmay_treatment

Skill      XL: |  1  2  3  4 |
---------------+-------------+-----
Fighting       | 4 5 |  5.4
Maces & Flails | 3 |  3.3
Armour         | |  3.2
Shields        | |  3.2

Action                   |  1- 3 |  4- 6 || total
-------------------------+-------+-------++-------
Melee: Hand axe          |    80 |       ||    80
       Flail             |    70 |   112 ||   182
  Use: Scroll            |     5 |       ||     5
       Potion            |       |     1 ||     1
Armor: Scale mail        |   117 |   127 ||   244
Dodge: Dodged            |    55 |    60 ||   115
Block: Kite shield       |    95 |   125 ||   220

Table legend: (Time is in decaauts)
 A = Elapsed time spent in this place.
 B = Non-inter-level travel time spent in this place.
 C = Inter-level travel time spent in this place.
 D = Time resting spent in this place.
 E = Time spent auto-exploring this place.
 F = Levels seen in this place.
 G = Mean time per level.
                   A        B        C        D        E       F      G
               +--------+--------+--------+--------+--------+-----+--------+
         Total |   1762 |   1729 |     33 |    272 |    791 |   4 |  440.5 |
       Dungeon |   1371 |   1338 |     33 |    162 |    647 |   3 |  457.0 |
         Sewer |    390 |    390 |      0 |    110 |    144 |   1 |  390.0 |
               +--------+--------+--------+--------+--------+-----+--------+

Top non-repeatable levels by time:
     D:1: 814 daAuts
     D:3: 516 daAuts
   Sewer: 390 daAuts
     D:2: 40 daAuts
